 Dungeon Crawl Stone Soup version 0.31-a0-675-g238779eb0a (webtiles) character file.

Game seed: 5653075708571654848

151 Dittersdorf the Shield-Bearer (level 5, -3/33 HPs)
             Began as a Gargoyle Fighter on Sept 5, 2023.
             Slain by an orc
             ... wielding a +0 flail
              (6 damage)
             ... on level 3 of the Dungeon.
             The game lasted 00:02:22 (1923 turns).

Dittersdorf the Shield-Bearer (Gargoyle Fighter)    Turns: 1923, Time: 00:02:23

Health: -3/33      AC: 14    Str: 21    XL:     5   Next: 33%
Magic:  5/5        EV:  8    Int:  9    God:
Gold:   128        SH:  0    Dex:  9    Spells: 4/4 levels left

rFire   . . .        a - +0 flail
rCold   . . .        c - +0 buckler
rNeg    + . .        n - +0 chain mail
rPois   ∞            (no helmet)
rElec   +            (no cloak)
rCorr   .            (no gloves)
SInv    .            q - +0 pair of boots
Will    .....        (no amulet) Stlth
                     h - ring of flight
HPRegen 0.25/turn    (no ring)
MPRegen 0.09/turn

%: no passive effects
@: confused, flying
A: sickness immunity, AC +4, negative energy resistance 1, electricity
resistance, torment resistance 1, petrification resistance
a: no special abilities


You were on level 3 of the Dungeon.
You visited 1 branch of the dungeon, and saw 4 of its levels.

You collected 128 gold pieces.

Inventory:

Hand Weapons
 a - a +0 flail (weapon)
Armour
 c - a +0 buckler (worn)
 n - a +0 chain mail (worn)
 q - a +0 pair of boots (worn)
Jewellery
 h - a ring of flight (left hand)
Scrolls
 b - a scroll of torment {unknown}
 f - 2 scrolls of teleportation {unknown}
 g - a scroll of noise {unknown}
 i - a scroll of immolation {unknown}
 m - a scroll of summoning {unknown}
 o - 2 scrolls of identify {unknown}
 p - a scroll of enchant weapon {unknown}
 s - a scroll of fear {unknown}
 t - 2 scrolls of poison {unknown}
Potions
 d - 2 potions of might
 e - a potion of ambrosia {unknown}
 j - a potion of mutation {unknown}
 k - a potion of enlightenment {unknown}
 l - 2 potions of heal wounds {unknown}
 r - a potion of berserk rage {unknown}


   Skills:
 + Level 4.2 Fighting
 + Level 3.2 Maces & Flails
 + Level 4.2 Armour
 + Level 4.2 Shields


You had 4 spell levels left.
You didn't know any spells.
Your spell library contained the following spells:

 Spells                   Type           Power      Damage    Failure   Level
 Kiss of Death            Conj/Necr      0%         2d5       98%         1
 Confusing Touch          Hex            0%         N/A       100%        3
 Dispel Undead            Necr           0%         3d6       100%        4


Dungeon Overview and Level Annotations

Branches:
Dungeon (4/15)
 Temple: D:4-7

Altars:

Shops:
D:2 ?


Innate Abilities, Weirdness & Mutations

You are immune to sickness and miasma.
Your stone body is resilient. (AC +4)
You are immune to poison.
You resist negative energy. (rN+)
You are resistant to electric shocks. (rElec)
You are resistant to unholy torment.
You are immune to petrification.


Message History

The orc priest hits you with a +0 falchion.
The orc barely misses you.
The orc wizard hits you but does no damage.
You fly upwards.
There is a stone staircase leading down here.
You sock the orc priest!
The orc priest is heavily wounded.
The orc priest hits you with a +0 falchion.
You block the orc's attack.
The orc wizard points at you and mumbles some strange words.
You are confused.
You bump into the rock wall.
The orc priest barely misses you. The orc hits you with a +0 flail.
The orc wizard closely misses you.
You closely miss the orc priest.
The orc priest is heavily wounded.
The orc priest hits you but does no damage.
The orc hits you with a +0 flail.
The orc wizard hits you but does no damage.
The orc priest hits you with a +0 falchion.
The orc hits you but does no damage.
The orc wizard points at you and mumbles some strange words.
You are more confused.
You sock the orc priest!
You kill the orc priest!
The orc hits you with a +0 flail.
The orc wizard hits you but does no damage.
The orc barely misses you.
The orc wizard hits you but does no damage.
Things that are here:
a +0 falchion; an orc corpse You're too confused to move!
The orc hits you but does no damage.
The orc wizard points at you and mumbles some strange words.
The magic dart hits you.
* * * LOW HITPOINT WARNING * * *
You bump into the rock wall.
The orc hits you but does no damage. The orc wizard casts a spell at you.
The puff of flame hits you.
* * * LOW HITPOINT WARNING * * *
You miss the orc wizard. The orc hits you with a +0 flail.
You die...

#.........#
#.........#
#.........#
#.........#
#.........#
#.........#
#####.........####
##o................
#>@....##.....#####
#o####.######## #.#
#..# #)# ##.###
#.### #...### #...#
###...# ###.# ###.#
#.# #.##
#.#######..###


You could see an orc wizard and an orc.

Vanquished Creatures
  An orc priest (D:3)
  5 adders
  A white imp (D:3)
  2 dart slugs (D:2)
  An orc (D:3)
  7 bats
  2 endoplasms (D:3)
  4 giant cockroaches (D:1)
  7 goblins
  A hobgoblin (D:2)
  2 quokkas
  14 ball pythons
  4 frilled lizards
  6 kobolds
  10 rats
67 creatures vanquished.

Notes
Turn   | Place    | Note
-------+----------+-------------------------------------------
     0 | D:1      | Dittersdorf the Gargoyle Fighter began the quest for the
                  | Orb.
     0 | D:1      | Reached XP level 1. HP: 14/14 MP: 1/1
    64 | D:1      | Reached XP level 2. HP: 19/19 MP: 2/2
   291 | D:1      | Reached XP level 3. HP: 23/23 MP: 3/3
   523 | D:2      | Identified the +9 quarterstaff of Najuhuw {flame, rElec rN+
                  | Will- Int+6}
   733 | D:2      | Reached XP level 4. HP: 29/29 MP: 4/4
   858 | D:2      | Found Muiwno's Magic Scroll Emporium.
  1518 | D:3      | Reached XP level 5. HP: 31/33 MP: 5/5
  1557 | D:3      | Found a faded altar of an unknown god.
  1923 | D:3      | Slain by an orc

Illustrated notes

Levels and vault maps discovered:
D:1:      eino_arrival_water_star, layout_rooms, minmay_quantized
D:2:      layout_basic, serial_shops, nicolae_shop_just_a_little_nook,
          minivault_11
D:3:      cheibrodos_old_hovel, layout_basic, basic_ecumenical_altar
D:4:      layout_loops_cross, kennysheep_mini_moat, kennysheep_generic_room_5,
          uniq_pargi

Skill      XL: |  1  2  3  4 |
---------------+-------------+-----
Fighting       | 4 |  4.2
Armour         | 4 |  4.2
Maces & Flails | 3 |  3.2
Shields        | 4 |  4.2

Action                     |  1- 3 |  4- 6 || total
---------------------------+-------+-------++-------
  Melee: Flail             |   126 |    86 ||   212
 Armour: Scale mail        |    79 |       ||    79
         Chain mail        |    34 |    77 ||   111
  Dodge: Dodged            |    74 |    38 ||   112
  Block: Buckler           |    29 |    19 ||    48

Table legend: (Time is in decaauts)
 A = Elapsed time spent in this place.
 B = Non-inter-level travel time spent in this place.
 C = Inter-level travel time spent in this place.
 D = Time resting spent in this place.
 E = Time spent auto-exploring this place.
 F = Levels seen in this place.
 G = Mean time per level.
                   A        B        C        D        E       F      G
               +--------+--------+--------+--------+--------+-----+--------+
         Total |   1987 |   1932 |     55 |      0 |   1408 |   4 |  496.8 |
       Dungeon |   1987 |   1932 |     55 |      0 |   1408 |   4 |  496.8 |
               +--------+--------+--------+--------+--------+-----+--------+

Top non-repeatable levels by time:
     D:2: 757 daAuts
     D:3: 727 daAuts
     D:1: 497 daAuts
     D:4: 5 daAuts
